 Dungeon Crawl Stone Soup version 0.13.0-65-g2bb7898 (webtiles) character file.

12344 Unifa the Basher (level 11, -1/94 HPs)
             Began as a Minotaur Berserker on Nov 23, 2013.
             Was a High Priest of Trog.
             Slain by a komodo dragon (18 damage)
             ... on Level 12 of the Dungeon.
             The game lasted 01:04:10 (8436 turns).

Unifa the Basher (Minotaur Berserker)               Turns: 8436, Time: 01:04:11

HP  -1/94        AC 25     Str 21      XL: 11   Next: 52%
MP   3/3         EV  6     Int  4      God: Trog [*****.]
Gold 699         SH  0     Dex 14      Spells:  0 memorised, 10 levels left

Res.Fire  : . . .   See Invis. : .   f - +3,+5 great mace (crush)
Res.Cold  : . . .   Warding    : .   I - +0 plate armour
Life Prot.: . . .   Conserve   : .   (no shield)
Res.Poison: .       Res.Corr.  : .   (helmet restricted)
Res.Elec. : .       Clarity    : .   (no cloak)
Sust.Abil.: . .     Spirit.Shd : .   (no gloves)
Res.Mut.  : .       Stasis     : .   R - +0 pair of dwarf boots
Res.Rott. : .       Flight     : .   (no amulet)
Saprovore : . . .                    (no ring)
                                     Q - ring of Robustness {AC+8}

@: non-regenerating, exhausted, badly diseased, slowed, very slow, somewhat
resistant to hostile enchantments, extremely unstealthy
A: retaliatory headbutt, horns 2
a: Burn Spellbooks, Berserk, Trog's Hand, Brothers in Arms, Renounce Religion


You were on level 12 of the Dungeon.
You worshipped Trog.
Trog was extremely pleased with you.
You were not hungry.

You visited 2 branches of the dungeon, and saw 13 of its levels.

You collected 679 gold pieces.

Inventory:

Hand weapons
 f - a +3,+5 great mace of crushing (weapon)
 w - a +3,+1 elven sabre of venom
 A - a +1,+3 flail of protection
 L - a +2,+0 great mace
 S - a +0,+0 elven dagger (quivered)
 X - the +0,+6 mace of Action {antimagic, rF+, unknown}
   (You found it on level 11 of the Dungeon)

   It disrupts the flow of magical energy around spellcasters and certain
   magical creatures (including the wielder).
   It protects you from fire.
Armour
 b - a +2 elven robe
 I - a +0 plate armour (worn)
 N - a +1 large shield
 R - a +0 pair of dwarven boots (worn)
Magical devices
 h - a wand of heal wounds (4) {unknown}
 v - a wand of fireball (3)
 y - a wand of frost (7)
 C - a wand of cold (4)
 P - a wand of cold (6)
 T - a wand of fire (7) {unknown}
Comestibles
 t - a choko
 x - a beef jerky
 z - 6 apricots
 E - 4 bananas
 H - 4 oranges
 J - 8 apples
 K - 2 bread rations
Scrolls
 a - 3 scrolls of identify
 c - a scroll of fog
 e - 5 scrolls of enchant weapon I
 g - a scroll of remove curse
 m - a scroll of curse weapon
 p - a scroll of curse jewellery
 D - a scroll of fear
 O - 2 scrolls of blinking
Jewellery
 G - a +4 ring of intelligence {unknown}
 Q - the ring of Robustness (left hand) {AC+8}
   (You found it on level 9 of the Dungeon)

   [ring of protection]

   It affects your AC (+8).
Potions
 d - a potion of beneficial mutation
 i - 4 potions of curing
 j - a potion of flight {unknown}
 o - 2 potions of brilliance {unknown}
 r - 3 potions of cure mutation {unknown}
 s - 2 potions of agility {unknown}
 u - 2 potions of paralysis {unknown}
 B - 2 potions of invisibility {unknown}
 F - a potion of magic {unknown}
 M - a potion of poison {unknown}
 W - a potion of speed {unknown}
Miscellaneous
 l - a crystal ball of energy
 q - a phial of floods


   Skills:
 - Level 10.1 Fighting
 * Level 14.8 Maces & Flails
 - Level 12.6 Armour
 - Level 2.1 Dodging
   Level 1.9 Shields
 - Level 0.2 Evocations


You had 10 spell levels left.
You didn't know any spells.

Dungeon Overview and Level Annotations

Branches:
Dungeon (12/27) Temple (0/1) D:5 D:7 Orc (1/4) D:7 Lair (0/8) D:9

Altars:
Fedhas
Nemelex Xobeh
Xom
Yredelemnul

Shops:
D:4 [   D:8 }   D:12 [


Innate Abilities, Weirdness & Mutations

You reflexively headbutt those who attack you in melee.
You have a pair of horns on your head.


Message History

The orc wizard casts a spell.
The orc wizard seems to speed up.
The orc wizard casts a spell.
The orc wizard blinks!
The komodo dragon bites you.
You feel ill.
Found 15 gold pieces.
The komodo dragon completely misses you.
You furiously retaliate!
You headbutt the komodo dragon!
The orc wizard gestures wildly while chanting.
The orc wizard blinks!
The komodo dragon bites you!
* * * LOW HITPOINT WARNING * * *
You feel ill.
The orc wizard gestures wildly while chanting.
The orc wizard blinks!
The orc throws an uncursed orcish dagger.
The uncursed orcish dagger misses you.
The orc wizard hits you with an orcish hand axe.
* * * LOW HITPOINT WARNING * * *
The komodo dragon hisses menacingly.
The komodo dragon bites you!
You die...

#.......# ....##.).......#
........# ....≈≈............#
#.......#. ....≈≈≈............
.....##.#.#...≈≈≈≈.|.......?. .
#.............$............. .
.....##.............#...##o# ##
..#..#.....<............##)# #.
..#..#..........$o......##.#+###.
.....#..##......@lo............#.
..............##o.#####........##
..............+..........(.....##
..............##......#..........
...#+##..∩..............#.......(
.....##....###........#'#..(.....
.....##..........................
.....##....###..............(....
...#.##....####..................


You could see a komodo dragon, an orc wizard and 2 orcs.

Vanquished Creatures
  Urug (D:11)
  3 hill giants
  An unseen horror (D:11)
  A cyclops (D:12)
  Psyche (D:8)
  2 trolls
  A two-headed ogre (D:11)
  A komodo dragon (D:9)
  4 slime creatures (D:12)
  4 ugly things (D:12)
  3 hungry ghosts
  Eustachio (D:4)
  A yak (D:9)
  Grum (D:8)
  A hill giant skeleton (D:8)
  2 hippogriffs
  4 wolves (D:8)
  3 manticores
  Edmund (D:4)
  3 ice beasts
  2 sky beasts
  8 ogres
  2 orc warriors
  2 tengu (D:11)
  A crocodile (D:9)
  2 phantoms (D:11)
  5 centaurs
  Duvessa (D:9)
  A brain worm (D:12)
  4 giant frogs
  A cyclops skeleton (D:11)
  A yak skeleton (D:12)
  Dowan (D:9)
  3 crimson imps
  3 goliath beetles
  4 wights (D:12)
  2 hounds
  3 jellies
  A quasit (D:4)
  2 worker ants
  An orc priest (D:7)
  2 iguanas
  A scorpion (D:10)
  7 orc wizards
  A hound skeleton (D:5)
  2 mummies
  11 adders
  2 green rats (D:4)
  7 gnolls
  A lemure (D:4)
  A giant mite (D:1)
  5 worms
  A grey rat (D:4)
  A giant gecko (D:9)
  4 oozes
  29 orcs
  3 ball pythons
  8 bats
  A bat skeleton (D:4)
  3 giant cockroaches
  6 goblins
  13 hobgoblins
  5 jackals
  3 quokkas
  A sheep (D:4)
  5 giant newts
  A hobgoblin skeleton (D:6)
  14 kobolds
  An orc skeleton (D:4)
  An orc zombie (D:6)
  9 rats
  A ballistomycete (D:7)
  6 plants
245 creatures vanquished.

Vanquished Creatures (others)
  A gnoll (D:7)
  A giant spore (D:7)
2 creatures vanquished.

Grand Total: 247 creatures vanquished

Notes
Turn   | Place    | Note
--------------------------------------------------------------
     0 | D:1      | Unifa, the Minotaur Berserker, began the quest for the Orb.
     0 | D:1      | Reached XP level 1. HP: 19/19 MP: 0/0
    28 | D:1      | Reached skill level 4 in Maces & Flails
    95 | D:1      | Found a sparkling altar of Nemelex Xobeh.
   146 | D:1      | Reached XP level 2. HP: 24/26 MP: 0/0
   610 | D:2      | Reached skill level 5 in Maces & Flails
   610 | D:2      | Reached XP level 3. HP: 30/33 MP: 1/1
   792 | D:2      | Acquired Trog's second power
  1245 | D:3      | Reached XP level 4. HP: 37/39 MP: 1/1
  1269 | D:3      | Reached skill level 6 in Maces & Flails
  1341 | D:3      | Found a sparkling altar of Nemelex Xobeh.
  1358 | D:3      | Found a basalt altar of Yredelemnul.
  1632 | D:4      | Noticed an ogre
  1638 | D:4      | Noticed Edmund
  1639 | D:4      | Killed an ogre
  1639 | D:4      | Reached skill level 5 in Armour
  1639 | D:4      | Reached XP level 5. HP: 46/46 MP: 1/1
  1648 | D:4      | Killed Edmund
  1648 | D:4      | Reached XP level 6. HP: 52/52 MP: 2/2
  1862 | D:4      | Reached skill level 7 in Armour
  1904 | D:4      | Found a blossoming altar of Fedhas.
  1940 | D:4      | Found a shimmering altar of Xom.
  1980 | D:4      | Noticed Eustachio
  2012 | D:4      | Killed Eustachio
  2012 | D:4      | Reached skill level 8 in Armour
  2012 | D:4      | Reached XP level 7. HP: 54/59 MP: 2/2
  2097 | D:4      | Found Plog's Armour Shop.
  2349 | D:5      | Entered Level 5 of the Dungeon
  2891 | D:5      | Reached skill level 9 in Armour
  2931 | D:5      | Found a staircase to the Ecumenical Temple.
  3236 | D:6      | Acquired Trog's third power
  3291 | D:6      | Reached skill level 10 in Armour
  3291 | D:6      | Reached XP level 8. HP: 66/66 MP: 2/2
  3770 | D:7      | Reached skill level 11 in Armour
  3866 | D:7      | Found a staircase to the Orcish Mines.
  3871 | Orc:1    | Entered Level 1 of the Orcish Mines
  3993 | D:7      | Reached skill level 12 in Armour
  4343 | D:7      | Found a staircase to the Ecumenical Temple.
  4715 | D:8      | Reached XP level 9. HP: 52/72 MP: 3/3
  4719 | D:8      | Noticed Grum
  4729 | D:8      | Killed Grum
  4741 | D:8      | Found a basalt altar of Yredelemnul.
  4844 | D:8      | Noticed Psyche
  4864 | D:8      | Killed Psyche
  4864 | D:8      | Reached skill level 10 in Maces & Flails
  5018 | D:8      | Reached skill level 5 in Fighting
  5057 | D:8      | Found Taalurat's Gadget Shop.
  5074 | D:8      | Reached skill level 1 in Shields
  5336 | D:9      | Found a staircase to the Lair.
  5368 | D:9      | Reached XP level 10. HP: 69/83 MP: 3/3
  6003 | D:9      | Noticed Dowan
  6004 | D:9      | Noticed Duvessa
  6026 | D:9      | Killed Duvessa
  6028 | D:9      | Killed Dowan
  6405 | D:10     | Entered Level 10 of the Dungeon
  6831 | D:11     | Noticed Urug
  6852 | D:11     | Killed Urug
  6903 | D:11     | Received a gift from Trog
  6903 | D:11     | Reached skill level 10 in Fighting
  7043 | D:11     | Killed an unseen horror
  7168 | D:11     | Got a slimy mace
  7232 | D:11     | Noticed a hill giant
  7238 | D:11     | Killed a hill giant
  7407 | D:11     | Noticed a hill giant
  7413 | D:11     | Killed a hill giant
  7731 | D:11     | Reached XP level 11. HP: 94/94 MP: 3/3
  7955 | D:12     | Found Sud Miff's Antique Armour Shoppe.
  7986 | D:12     | Noticed a hill giant
  7993 | D:12     | Killed a hill giant
  7993 | D:12     | Reached skill level 13 in Maces & Flails
  8353 | D:12     | Reached skill level 14 in Maces & Flails
  8436 | D:12     | Slain by a komodo dragon

Action                   |  1- 3 |  4- 6 |  7- 9 | 10-12 || total
-------------------------+-------+-------+-------+-------++-------
Melee: Mace              |    57 |    47 |       |       ||   104
       Flail             |       |    50 |   289 |   100 ||   439
       Great mace        |       |       |    28 |   133 ||   161
Invok: Berserk           |     1 |     3 |    10 |    10 ||    24
       Burn Spellbooks   |       |       |     2 |       ||     2
Evoke: Wand              |       |       |     4 |       ||     4
  Use: Scroll            |     3 |     8 |       |    15 ||    26
       Potion            |       |       |       |     5 ||     5
